GULF
TAMPA TWISTERS @ ST. PETE CARDINALS
08/11/1982
 
TOP OF THE 1ST
Tampa Twisters batting - Pitching for St. Pete Cardinals : RHP Stan Leland
Pitching: RHP Stan Leland
Batting: RHB John Hotchkiss 0-0: Ball
1-0: Foul Ball, location: 2F
1-1: Ball
2-1: Called Strike
2-2: Ball
3-2: Strikes out swinging
Batting: RHB Scott Earl 0-0: Ball
1-0: Foul Ball, location: 2F
1-1: Ball
2-1: Called Strike
2-2: Ball
3-2: Fly out, F7 (Flyball, 7D, EV 87.5 MPH)
Batting: RHB Basil Tennell 0-0: Called Strike
0-1: Foul Ball, location: 2F
0-2: SINGLE (Groundball, 4MD, EV 96.9 MPH)
Batting: LHB Jordan Berge 0-0: Called Strike
0-1: Called Strike
0-2: Reached via error on a dropped throw from 1B, E1 (Groundball, 34S, EV 85.6 MPH)
Basil Tennell to second
Batting: SHB Jack Daugherty 0-0: Called Strike
0-1: Fly out, F4 (Flyball, 34D, EV 81.9 MPH)
Top of the 1st over - 0 runs, 1 hit, 1 error, 2 left on base; Tampa 0 - St. Pete 0
BOTTOM OF THE 1ST
St. Pete Cardinals batting - Pitching for Tampa Twisters : RHP Jeffrey Parks
Pitching: RHP Jeffrey Parks
Batting: RHB John Roberts 0-0: Ball
1-0: Fly out, F7 (Flyball, 7S, EV 78.1 MPH)
Batting: RHB Victor Jimenez 0-0: Ball
1-0: Called Strike
1-1: Called Strike
1-2: Ground out 4-3 (Groundball, 34, EV 98.1 MPH)
Batting: RHB Joe Scime 0-0: Ball
1-0: Ball
2-0: Ball
3-0: Called Strike
3-1: Fly out, F8 (Flyball, 8LD, EV 103.1 MPH)
Bottom of the 1st over - 0 runs, 0 hits, 0 errors, 0 left on base; Tampa 0 - St. Pete 0
TOP OF THE 2ND
Tampa Twisters batting - Pitching for St. Pete Cardinals : RHP Stan Leland
Batting: RHB Andres Thomas 0-0: Foul Ball, location: 2F
0-1: Ground out 6-3 (Groundball, 4MS, EV 73.8 MPH)
Batting: RHB Dave Klipstein 0-0: Ball
1-0: Fly out, F8 (Flyball, 89S, EV 93.1 MPH)
Batting: RHB Benito Santiago 0-0: Called Strike
0-1: Swinging Strike
0-2: Strikes out swinging
Top of the 2nd over - 0 runs, 0 hits, 0 errors, 0 left on base; Tampa 0 - St. Pete 0
BOTTOM OF THE 2ND
St. Pete Cardinals batting - Pitching for Tampa Twisters : RHP Jeffrey Parks
Batting: SHB Mickey Riley 0-0: Ball
1-0: Called Strike
1-1: Ball
2-1: Ball
3-1: Base on Balls
Batting: RHB Sal Agostinelli 0-0: Called Strike
0-1: Grounds into double play, 5-4-3 (Groundball, 56, EV 80.6 MPH)
Batting: RHB Jose Martinez 0-0: Ball
1-0: Ball
2-0: Fly out, F8 (Flyball, 8RD, EV 76.9 MPH)
Bottom of the 2nd over - 0 runs, 0 hits, 0 errors, 0 left on base; Tampa 0 - St. Pete 0
TOP OF THE 3RD
Tampa Twisters batting - Pitching for St. Pete Cardinals : RHP Stan Leland
Batting: RHB Nelson Ybarra 0-0: Ball
1-0: Ground out 3-1 (Groundball, 34, EV 86.3 MPH)
Batting: RHB John Hotchkiss 0-0: Fly out, F9 (Flyball, 9D, EV 92.5 MPH)
Batting: RHB Scott Earl 0-0: Called Strike
0-1: Ball
1-1: Ball
2-1: Ball
3-1: Called Strike
3-2: Fly out, F8 (Flyball, 89D, EV 98.1 MPH)
Top of the 3rd over - 0 runs, 0 hits, 0 errors, 0 left on base; Tampa 0 - St. Pete 0
BOTTOM OF THE 3RD
St. Pete Cardinals batting - Pitching for Tampa Twisters : RHP Jeffrey Parks
Batting: RHB Omar Interiano 0-0: Called Strike
0-1: Fly out, F7 (Flyball, 7S, EV 77.5 MPH)
Batting: RHB Jose Mantilla 0-0: Called Strike
0-1: Ground out U3 (Groundball, 3S, EV 63.1 MPH)
Batting: RHB Carlos Garcia 0-0: Ball
1-0: Called Strike
1-1: Ball
2-1: Foul Ball, location: 2F
2-2: Strikes out swinging
Bottom of the 3rd over - 0 runs, 0 hits, 0 errors, 0 left on base; Tampa 0 - St. Pete 0
TOP OF THE 4TH
Tampa Twisters batting - Pitching for St. Pete Cardinals : RHP Stan Leland
Batting: RHB Basil Tennell 0-0: Ball
1-0: Foul Ball, location: 2F
1-1: Foul Ball, location: 2F
1-2: Ball
2-2: Foul Ball, location: 2F
2-2: Ground out 6-3 (Groundball, 6, EV 76.9 MPH)
Batting: LHB Jordan Berge 0-0: Called Strike
0-1: Ball
1-1: Ball
2-1: Swinging Strike
2-2: Strikes out looking
Batting: SHB Jack Daugherty 0-0: Ball
1-0: Ball
2-0: Called Strike
2-1: Ball
3-1: Foul Ball, location: 2F
3-2: Foul Ball, location: 2F
3-2: SOLO HOME RUN (Flyball, 7D, EV 95.0 MPH), Distance : 355 ft
Batting: RHB Andres Thomas 0-0: Fly out, F8 (Flyball, 89D, EV 95.0 MPH)
Top of the 4th over - 1 run, 1 hit, 0 errors, 0 left on base; Tampa 1 - St. Pete 0
BOTTOM OF THE 4TH
St. Pete Cardinals batting - Pitching for Tampa Twisters : RHP Jeffrey Parks
Batting: RHB John Roberts 0-0: Fly out, F8 (Line Drive, 8LD, EV 108.8 MPH)
Batting: RHB Victor Jimenez 0-0: Called Strike
0-1: Swinging Strike
0-2: Ball
1-2: Ball
2-2: Strikes out swinging
Batting: RHB Joe Scime 0-0: Ball
1-0: Called Strike
1-1: Ball
2-1: Foul Ball, location: 2F
2-2: Fly out, F8 (Flyball, 78XD, EV 104.4 MPH)
Bottom of the 4th over - 0 runs, 0 hits, 0 errors, 0 left on base; Tampa 1 - St. Pete 0
TOP OF THE 5TH
Tampa Twisters batting - Pitching for St. Pete Cardinals : RHP Stan Leland
Batting: RHB Dave Klipstein 0-0: Called Strike
0-1: Ball
1-1: Ground out 4-3 (Groundball, 4, EV 80.6 MPH)
Batting: RHB Benito Santiago 0-0: Called Strike
0-1: Ball
1-1: Called Strike
1-2: Ball
2-2: Strikes out swinging
Batting: RHB Nelson Ybarra 0-0: Ball
1-0: Foul Ball, location: 2F
1-1: Foul Ball, location: 2F
1-2: Ground out 6-3 (Groundball, 6, EV 83.1 MPH)
Top of the 5th over - 0 runs, 0 hits, 0 errors, 0 left on base; Tampa 1 - St. Pete 0
BOTTOM OF THE 5TH
St. Pete Cardinals batting - Pitching for Tampa Twisters : RHP Jeffrey Parks
Batting: SHB Mickey Riley 0-0: Ball
1-0: Ball
2-0: Swinging Strike
2-1: Ball
3-1: Base on Balls
Batting: RHB Sal Agostinelli 0-0: Ball
1-0: Ball
2-0: Called Strike
2-1: Foul Ball, location: 2F
2-2: Fly out, F6 (Flyball, 56D, EV 87.5 MPH)
Batting: RHB Jose Martinez 0-0: Called Strike
0-1: Called Strike
0-2: Ball
1-2: Ball
2-2: Foul Ball, location: 2F
2-2: Foul Ball, location: 2F
2-2: Strikes out swinging
Batting: RHB Omar Interiano 0-0: Fly out, F7 (Flyball, 7, EV 88.8 MPH)
Bottom of the 5th over - 0 runs, 0 hits, 0 errors, 1 left on base; Tampa 1 - St. Pete 0
TOP OF THE 6TH
Tampa Twisters batting - Pitching for St. Pete Cardinals : RHP Stan Leland
Pitching: RHP Glen Germer
Batting: RHB John Hotchkiss 0-0: Ball
1-0: Ball
2-0: Ball
3-0: Called Strike
3-1: Fly out, F9 (Line Drive, 9, EV 91.9 MPH)
Batting: RHB Scott Earl 0-0: Called Strike
0-1: Swinging Strike
0-2: Foul Ball, location: 2F
0-2: Ball
1-2: Foul Ball, location: 2F
1-2: SOLO HOME RUN (Flyball, 7LD, EV 106.9 MPH), Distance : 368 ft
Batting: RHB Basil Tennell 0-0: Called Strike
0-1: Ball
1-1: Ball
2-1: Foul Ball, location: 2F
2-2: Strikes out swinging
Batting: LHB Jordan Berge 0-0: Swinging Strike
0-1: SINGLE (Line Drive, 56, EV 97.5 MPH)
Batting: SHB Jack Daugherty 0-0: Called Strike
0-1: Ball
1-1: Called Strike
1-2: Strikes out looking
Top of the 6th over - 1 run, 2 hits, 0 errors, 1 left on base; Tampa 2 - St. Pete 0
BOTTOM OF THE 6TH
St. Pete Cardinals batting - Pitching for Tampa Twisters : RHP Jeffrey Parks
Batting: RHB Jose Mantilla 0-0: Ball
1-0: Ground out 3-1 (Groundball, 34, EV 85.0 MPH)
Batting: RHB Carlos Garcia 0-0: Called Strike
0-1: Swinging Strike
0-2: Ball
1-2: Fly out, F9 (Flyball, 9LS, EV 90.6 MPH)
Batting: RHB John Roberts 0-0: Ball
1-0: Foul Ball, location: 2F
1-1: Ball
2-1: Foul Ball, location: 2F
2-2: SINGLE (Line Drive, 89M, EV 106.9 MPH)
Batting: RHB Victor Jimenez Pickoff Throw to First - Error! E1
John Roberts to second
0-0: Called Strike
0-1: Swinging Strike
0-2: Ball
1-2: Strikes out swinging
Bottom of the 6th over - 0 runs, 1 hit, 1 error, 1 left on base; Tampa 2 - St. Pete 0
TOP OF THE 7TH
Tampa Twisters batting - Pitching for St. Pete Cardinals : RHP Glen Germer
Batting: RHB Andres Thomas 0-0: Ball
1-0: Ground out 4-3 (Groundball, 4MD, EV 87.5 MPH)
Batting: RHB Dave Klipstein 0-0: Called Strike
0-1: Swinging Strike
0-2: Foul Ball, location: 2F
0-2: Strikes out swinging
Batting: RHB Benito Santiago 0-0: Ball
1-0: Ground out 6-3 (Groundball, 6, EV 91.9 MPH)
Top of the 7th over - 0 runs, 0 hits, 0 errors, 0 left on base; Tampa 2 - St. Pete 0
BOTTOM OF THE 7TH
St. Pete Cardinals batting - Pitching for Tampa Twisters : RHP Jeffrey Parks
Batting: RHB Joe Scime 0-0: Ball
1-0: Fly out, F8 (Line Drive, 8RD, EV 93.8 MPH)
Batting: SHB Mickey Riley 0-0: Ball
1-0: Ball
2-0: Ball
3-0: Base on Balls
Batting: RHB Sal Agostinelli 0-0: Fly out, F3 (Popup, 3F, EV 80.0 MPH)
Batting: RHB Jose Martinez 0-0: Foul Ball, location: 2F
0-1: Ball
1-1: Ball
2-1: Ball
3-1: Base on Balls
Mickey Riley to second
Pinch Hitting: RHB Eric Hardgrave 0-0: Ball
1-0: Called Strike
1-1: Foul Ball, location: 2F
1-2: Ball
2-2: Strikes out swinging
Bottom of the 7th over - 0 runs, 0 hits, 0 errors, 2 left on base; Tampa 2 - St. Pete 0
TOP OF THE 8TH
Tampa Twisters batting - Pitching for St. Pete Cardinals : RHP Glen Germer
Now at SS: John Marquardt
Batting: RHB Nelson Ybarra 0-0: Ball
1-0: Swinging Strike
1-1: Swinging Strike
1-2: Strikes out swinging
Batting: RHB John Hotchkiss 0-0: Ball
1-0: Called Strike
1-1: Fly out, F3 (Line Drive, 3, EV 68.8 MPH)
Batting: RHB Scott Earl 0-0: Called Strike
0-1: Ball
1-1: Ball
2-1: Foul Ball, location: 2F
2-2: Foul Ball, location: 2F
2-2: Foul Ball, location: 2F
2-2: Foul Ball, location: 2F
2-2: Ball
3-2: Base on Balls
Pitching: RHP Alan Banes
Batting: RHB Basil Tennell 0-0: Ball
1-0: Called Strike
Scott Earl steals 2nd base
1-1: Ball
2-1: Swinging Strike
2-2: Foul Ball, location: 2F
2-2: Ball
3-2: Base on Balls
Batting: LHB Jordan Berge 0-0: Swinging Strike
0-1: Ball
1-1: Ball
2-1: SINGLE (Line Drive, 78S, EV 102.5 MPH)
Scott Earl to third
Basil Tennell to second
Runner from 3rd tries for Home, SAFE, throw by LF to home
Batting: SHB Jack Daugherty 0-0: Ball
1-0: Called Strike
1-1: Swinging Strike
1-2: Ball
2-2: Ball
3-2: Strikes out swinging
Top of the 8th over - 1 run, 1 hit, 0 errors, 2 left on base; Tampa 3 - St. Pete 0
BOTTOM OF THE 8TH
St. Pete Cardinals batting - Pitching for Tampa Twisters : RHP Jeffrey Parks
Now in CF: Nellie DeLaRosa
Batting: RHB Jose Mantilla 0-0: Ball
1-0: Ground out 5-3 (Groundball, 5S, EV 68.1 MPH)
Batting: RHB Carlos Garcia 0-0: Ball
1-0: Foul Ball, location: 2F
1-1: Foul Ball, location: 2F
1-2: Strikes out looking
Batting: RHB John Roberts 0-0: Ball
1-0: Ball
2-0: Ball
3-0: Called Strike
3-1: Swinging Strike
3-2: Strikes out swinging
Bottom of the 8th over - 0 runs, 0 hits, 0 errors, 0 left on base; Tampa 3 - St. Pete 0
TOP OF THE 9TH
Tampa Twisters batting - Pitching for St. Pete Cardinals : RHP Alan Banes
Batting: RHB Andres Thomas 0-0: Called Strike
0-1: Fly out, F6 (Line Drive, 6, EV 74.4 MPH)
Batting: RHB Dave Klipstein 0-0: Ball
1-0: Ball
2-0: Called Strike
2-1: Ball
3-1: Foul Ball, location: 2F
3-2: SINGLE (Line Drive, 78M, EV 91.9 MPH)
Batting: RHB Benito Santiago 0-0: Ball
1-0: Fly out, F7 (Flyball, 78M, EV 91.3 MPH)
Batting: LHB Nellie DeLaRosa 0-0: Called Strike
0-1: Called Strike
0-2: Strikes out swinging
Top of the 9th over - 0 runs, 1 hit, 0 errors, 1 left on base; Tampa 3 - St. Pete 0
BOTTOM OF THE 9TH
St. Pete Cardinals batting - Pitching for Tampa Twisters : RHP Jeffrey Parks
Pitching: RHP Dave Harman
Batting: RHB Victor Jimenez 0-0: Called Strike
0-1: Foul Ball, location: 2F
0-2: Ball
1-2: Foul Ball, location: 2F
1-2: Foul Ball, location: 2F
1-2: Ball
2-2: Ball
3-2: Ground out 4-3 (Groundball, 4, EV 82.5 MPH)
Batting: RHB Joe Scime 0-0: Foul Ball, location: 2F
0-1: Fly out, F7 (Flyball, 78M, EV 85.6 MPH)
Batting: SHB Mickey Riley 0-0: Foul Ball, location: 2F
0-1: Ball
1-1: Ground out 6-3 (Groundball, P, EV 87.5 MPH)
Bottom of the 9th over - 0 runs, 0 hits, 0 errors, 0 left on base; Tampa 3 - St. Pete 0
Friday, August 21st, 2020 - OOTP Baseball 21.5 Build 76